[Event "Late-Titled-Tuesday-Blitz-September-12-2023"]
[Site "Chess.com"]
[Date "2023.09.12"]
[Round "6"]
[White "Dr_crypt"]
[Black "MikeSailer"]
[Result "1-0"]
[WhiteElo "2426"]
[BlackElo "2184"]
[TimeControl "180+1"]
[EndTime "15:03:21 PDT"]
[Termination "Dr_crypt won on time"]

1. d4 d5 2. c4 Bf5 3. Nc3 e6 4. cxd5 exd5 5. Bf4 Bb4 6. Qb3 Nc6 7. e3 Nf6 8. a3 Bxc3+ 9. bxc3 O-O 10. Qxb7 Na5 11.
Qb4 c5 12. dxc5 Nc6 13. Qa4 Bd7 14. Bb5 Qc8 15. Ba6 Qe8 16. Qd1 Ne4 17. Nf3 Nxc5 18.
Be2 Ne4 19. Rc1 Qe7 20. O-O Qxa3 21. Qxd5 Nxc3 22. Rxc3 Qxc3 23. Qxd7 a5 24. Bb5 Nb4 25. Be5 Rfd8 26. Qg4 Qxe5 27. Nxe5 1-0

[Event "Late-Titled-Tuesday-Blitz-September-12-2023"]
[Site "Chess.com"]
[Date "2023.09.12"]
[Round "6"]
[White "Skagoogle"]
[Black "Firouzja2003"]
[Result "0-1"]
[WhiteElo "2785"]
[BlackElo "3078"]
[TimeControl "180+1"]
[EndTime "15:03:25 PDT"]
[Termination "Firouzja2003 won by resignation"]

1. e4 c6 2. Nf3 d5 3. d3 Qc7 4. Nc3 dxe4 5. dxe4 e5 6. Bc4 b5 7. Bb3 h6 8. O-O Nf6 9. a4 b4 10. Ne2 Nbd7 11. Ng3 Nc5 12. Nh4 a5 13. f4 Ba6 14.
fxe5 Bxf1 15. exf6 Ba6 16. Qg4 Nxb3 17. fxg7 Bxg7 18.
Qxg7 O-O-O 19. cxb3 Qb6+ 20. Be3 Qxe3+ 21. Kh1 Qxb3 22.
Qg4+ Kb7 23. Nhf5 Qxb2 24. Rg1 b3 25. h3 Qe5 26. Qf3 Rd3 27. Qf2 Rhd8 28. Kh2 Rd2 29. Qf3 R8d3 30. Qh5 Bc4 31. Qxh6 b2 32. Rb1 Rd1 33.
Qf8 Rxb1 0-1

[Event "Late-Titled-Tuesday-Blitz-September-12-2023"]
[Site "Chess.com"]
[Date "2023.09.12"]
[Round "6"]
[White "Sinquefield"]
[Black "Alexei_Gubajdullin"]
[Result "0-1"]
[WhiteElo "2447"]
[BlackElo "2606"]
[TimeControl "180+1"]
[EndTime "15:03:25 PDT"]
[Termination "Alexei_Gubajdullin won on time"]

1. e4 g6 2. d4 d6 3. Nc3 a6 4. a4 Bg7 5. g3 Nd7 6. Bg2 Ngf6 7.
Nge2 O-O 8. O-O Rb8 9. h3 b5 10. axb5 axb5 11. d5 b4 12. Nb1 Ne5 13. Nd4 c5 14.
dxc6 Qc7 15. Be3 Nxc6 16. Nxc6 Qxc6 17. e5 Ne4 18. Nd2 d5 19. Nxe4 dxe4 20. Qd4 Bb7 21. Rfd1 Qxc2 22. Qxb4 Bxe5 23. Qxe7 Bxb2 24. Rd2 Qc3 25. Rb1 Bc1 26. Bd4 Qxd2 27. Qe5 f6 28. Qe6+ Kg7 0-1

[Event "Late-Titled-Tuesday-Blitz-September-12-2023"]
[Site "Chess.com"]
[Date "2023.09.12"]
[Round "6"]
[White "ozates"]
[Black "Tunahan_Makaraci"]
[Result "1-0"]
[WhiteElo "2563"]
[BlackElo "2330"]
[TimeControl "180+1"]
[EndTime "15:03:27 PDT"]
[Termination "ozates won by resignation"]

1. e4 c5 2. Nf3 Nc6 3. Bb5 d6 4. O-O Bd7 5. Re1 Nf6 6. c3 a6 7. Bf1 Bg4 8. h3 Bxf3 9. Qxf3 e6 10. Qg3 Nh5 11. Qf3 Nf6 12. d3 Be7 13. g4 O-O 14.
Nd2 b5 15. Qg3 d5 16. e5 Nd7 17.
Nf3 Qc7 18. h4 Rae8 19. h5 h6 20. g5 hxg5 21. Nxg5 Ndxe5 22. Bf4 Bd6 23. Kh1 f6 24. Nf3 Nf7 25. Bxd6 Qxd6 26. Qh4 Nce5 27. Nxe5 Nxe5 28. Re3 Kf7 29. Bh3 Rh8 30. Rg1 g5 31. hxg6+ Kg7 32. Qg3 Rh6 33. f4 Reh8 34. fxe5 Rxh3+ 35. Qxh3 Rxh3+ 36. Rxh3 Qxe5 37. Rh7+ Kg8 38. g7 1-0

[Event "Late-Titled-Tuesday-Blitz-September-12-2023"]
[Site "Chess.com"]
[Date "2023.09.12"]
[Round "6"]
[White "m_ezat"]
[Black "Perecke"]
[Result "1-0"]
[WhiteElo "2663"]
[BlackElo "2502"]
[TimeControl "180+1"]
[EndTime "15:03:30 PDT"]
[Termination "m_ezat won by checkmate"]

1. d4 Nf6 2. c4 e6 3. Nc3 d5 4.
cxd5 exd5 5. Bg5 Be7 6. e3 O-O 7. Bd3 Re8 8. Nge2 h6 9. Bf4 c6 10. Qc2 Nbd7 11. O-O Nh5 12. Nxd5 Nxf4 13. Nxe7+ Qxe7 14. Nxf4 Nf6 15. Rab1 a5 16. a3 Be6 17. b4 axb4 18.
axb4 Ra2 19. Rb2 Rea8 20. b5 Rxb2 21. Qxb2 Nd5 22. Nxe6 Qxe6 23. bxc6 bxc6 24. Qb7 Rc8 25.
Rc1 g6 26. h3 Ne7 27. Bc4 Qd6 28. Qb3 Qf6 29. Ra1 Nf5 30. Ra7 Nd6 31. Bd3 c5 32. Ra6 cxd4 33. Qd5 Rc1+ 34. Kh2 Qxf2 35. Qxd6 Qg1+ 36. Kg3 Qxe3+ 37. Kh2 Qxd3 38. Ra8+ Kg7 39. Qe5+ f6 40. Qe7# 1-0

[Event "Late-Titled-Tuesday-Blitz-September-12-2023"]
[Site "Chess.com"]
[Date "2023.09.12"]
[Round "6"]
[White "HrvojeZagreb"]
[Black "JoseRemolar"]
[Result "0-1"]
[WhiteElo "2273"]
[BlackElo "2469"]
[TimeControl "180+1"]
[EndTime "15:03:32 PDT"]
[Termination "JoseRemolar won by checkmate"]

1. f4 e5 2. fxe5 d6 3. exd6 Bxd6 4. Nf3 Bg4 5. g3 Nf6 6. Bg2 c5 7. d3 Nc6 8. Bg5 h6 9. Bd2 O-O 10. O-O Re8 11. e4 Qb6 12. Bc3 Nd4 13. Kh1 Nh5 14. Qd2 f5 15. Na3 Bxg3 16. hxg3 fxe4 17. dxe4 Nxg3+ 18. Kh2 Qd6 19. e5 Rxe5 20. Nxe5 Qxe5 21. Qf4 Qh5+ 22. Kg1 Nge2+ 23. Kf2 Nxf4 24. Rh1 Qf5 25. Bxd4 cxd4 26. Raf1 Re8 27. Kg3 Ne2+ 28. Kh2 Qh5+ 29. Bh3 Qxh3# 0-1

[Event "Late-Titled-Tuesday-Blitz-September-12-2023"]
[Site "Chess.com"]
[Date "2023.09.12"]
[Round "6"]
[White "diamonds13"]
[Black "kleopl"]
[Result "0-1"]
[WhiteElo "2354"]
[BlackElo "2531"]
[TimeControl "180+1"]
[EndTime "15:03:33 PDT"]
[Termination "kleopl won on time"]

1. d4 Nf6 2. c4 e6 3. Nc3 Bb4 4.
e3 O-O 5. Bd2 b6 6. Nf3 Bb7 7.
Bd3 d6 8. a3 Bxc3 9. Bxc3 Nbd7 10. Qc2 Qe7 11. e4 e5 12. d5 a5 13. b4 axb4 14.
axb4 Rxa1+ 15. Bxa1 Nh5 16. O-O g6 17. Bc3 Ra8 18. Ra1 Qd8 19. Qb1 Nf4 20. Bf1 Nf6 21.
Nd2 c6 22. g3 N4h5 23. Rxa8 Qxa8 24. c5 bxc5 25. bxc5 cxd5 26. cxd6 d4 27. Bb4 Nxe4 28. d7 Nhf6 29. Bb5 Nc3 30. Bxc3 dxc3 31. Nf1 Bh1 32. Ne3 Be4 33. Qc1 Qa5 34. Qxc3 Qxc3 35. d8=Q+ Kg7 36. Qd1 h5 37. h4 Ba8 38. Bf1 Be4 39. Bg2 Qc5 40. Bxe4 Nxe4 41. Qf3 Nd2 42. Qe2 Qc1+ 43.
Kh2 e4 0-1

[Event "Late-Titled-Tuesday-Blitz-September-12-2023"]
[Site "Chess.com"]
[Date "2023.09.12"]
[Round "6"]
[White "Bodhanas"]
[Black "Francisco_Ferrari"]
[Result "1/2-1/2"]
[WhiteElo "1881"]
[BlackElo "2230"]
[TimeControl "180+1"]
[EndTime "15:03:35 PDT"]
[Termination "Game drawn by repetition"]

1. d4 Nf6 2. Nf3 d5 3. Bf4 e6 4. c3 Bd6 5. Bg3 O-O 6. e3 c5 7.
Bd3 b6 8. O-O Ba6 9. Re1 Bxd3 10. Qxd3 Nc6 11. Nbd2 Qc7 12. dxc5 bxc5 13. e4 Bxg3 14.
hxg3 Rfe8 15. exd5 exd5 16. Rxe8+ Rxe8 17. Re1 Rxe1+ 18. Nxe1 h6 19. Nef3 Qe7 20. Kf1 Ne5 21. Qe2 Nfd7 22. Nxe5 Qxe5 23. Qxe5 Nxe5 24. Ke2 Kf8 25. f4 Nd7 26. c4 d4 27. Kd3 Ke7 28. a3 Kd6 29. b4 Kc6 30. bxc5 Nxc5+ 31. Kxd4 Ne6+ 32. Kc3 Nc5 33. g4 Ne6 34. g3 Nc5 35. Kd4 Ne6+ 36. Kc3 Nc5 37. Kd4 Ne6+ 38. Kc3 1/2-1/2

[Event "Late-Titled-Tuesday-Blitz-September-12-2023"]
[Site "Chess.com"]
[Date "2023.09.12"]
[Round "6"]
[White "Hilary46"]
[Black "Sacbutt"]
[Result "1-0"]
[WhiteElo "2549"]
[BlackElo "2360"]
[TimeControl "180+1"]
[EndTime "15:03:36 PDT"]
[Termination "Hilary46 won on time"]

1. e4 e5 2. Nf3 Nc6 3. Bb5 a6 4. Ba4 Nf6 5. O-O Be7 6. Re1 b5 7. Bb3 d6 8. c3 Bg4 9. h3 Bh5 10. d3 O-O 11. Nbd2 Na5 12. Bc2 c5 13. Nf1 Qc7 14. Ng3 Bg6 15. Nh4 Rfe8 16. Nhf5 Bf8 17. Qf3 Rad8 18. Bg5 Re6 19. Ne3 Be7 20. Bxf6 Bxf6 21.
Nd5 Qc8 22. Qe3 Nc6 23. Bb3 Qb8 24. Rf1 Na5 25. Nxf6+ Rxf6 26. Bd5 c4 27. d4 Nb7 28. f4 Rxf4 29. Rxf4 exf4 30. Qxf4 Qc7 31. Rf1 Rf8 32. h4 h6 33. h5 Bh7 34. Rf3 Nd8 35. Nf5 Bxf5 36.
exf5 Kh7 37. f6 g6 38. hxg6+ fxg6 39. Re3 Nc6 40. Bxc6 Qxc6 41. Re7+ Kg8 42. Qxh6 1-0

[Event "Late-Titled-Tuesday-Blitz-September-12-2023"]
[Site "Chess.com"]
[Date "2023.09.12"]
[Round "6"]
[White "Inepton_Fermion"]
[Black "YEIKO2017"]
[Result "1-0"]
[WhiteElo "2371"]
[BlackElo "2525"]
[TimeControl "180+1"]
[EndTime "15:03:37 PDT"]
[Termination "Inepton_Fermion won by resignation"]

1. Nf3 c5 2. b3 g6 3. Bb2 Nf6 4.
c4 Bg7 5. g3 O-O 6. Bg2 d6 7.
d4 Ne4 8. O-O Nc6 9. Nbd2 Bf5 10.
e3 Qb6 11. Nh4 Nxd2 12. Nxf5 Nxf1 13. Nxg7 cxd4 14. exd4 e5 15. Nh5 gxh5 16. Qxh5 f6 17. Bd5+ Kh8 18. Be4 Qc7 19. d5 Nd2 20. Bf5 Nd4 21.
Bxd4 exd4 22. Rd1 Rae8 23. Rxd2 Re5 24. Rxd4 Rg8 25. Rh4 Rg7 26. Kg2 Qe7 27. Qf3 Re1 28. Rh6 Qe5 29. Be6 Rg6 30. Rh5 Qe4 31. Qxe4 Rxe4 32.
Bf5 Re2 33. Bxg6 Rxa2 34. Rxh7+ Kg8 35. Rxb7 a5 36. h4 Rb2 37. h5 1-0

[Event "Late-Titled-Tuesday-Blitz-September-12-2023"]
[Site "Chess.com"]
[Date "2023.09.12"]
[Round "6"]
[White "TatjanaVasilevich"]
[Black "kaanadayhamle"]
[Result "1-0"]
[WhiteElo "2598"]
[BlackElo "2426"]
[TimeControl "180+1"]
[EndTime "15:03:38 PDT"]
[Termination "TatjanaVasilevich won by resignation"]

1. e4 e6 2. d3 d5 3. Nd2 Nd7 4. g3 Ngf6 5. Bg2 Bc5 6. c3 dxe4 7. dxe4 O-O 8. Ngf3 e5 9. O-O a5 10. a4 c6 11. Qc2 Qc7 12. Rd1 b6 13. h3 Ba6 14. Nf1 Rfd8 15. Ne3 Nf8 16. Bd2 Bd3 17. Qb3 Bxe4 18. Ng5 Bxg2 19. Kxg2 h6 20. Nf3 Ne4 21. Ng4 Nxd2 22. Rxd2 Rxd2 23. Nxd2 h5 24. Ne3 Bxe3 25.
fxe3 Rd8 26. Ne4 c5 27. Rf1 Qb7 28. Qc4 Ne6 29. Kg1 Qd5 30. Qxd5 Rxd5 31. Kf2 f5 32. c4 Rd7 33. Nc3 f4 34. Nd5 fxe3+ 35. Kxe3 Rd6 36.
Ke4 Ng5+ 37. Kxe5 Rh6 38. h4 Nf7+ 39. Ke4 Kf8 40. Nf4 Ke7 41. Nd5+ Ke8 42. Nc7+ Ke7 43. Nd5+ Ke8 44. b3 Rg6 45. Rf3 Rg4+ 46. Ke3 Ne5 47. Rf1 Nd7 48. Rg1 Rg6 49. Nf4 Rh6 50. Ke4 Nf6+ 51. Kf5 Ng4 52. Nxh5 Rxh5+ 53. Kxg4 Rh6 54.
Re1+ Kd7 55. Kg5 Rd6 56. Re3 Rf6 57. g4 Rf1 58. h5 Rg1 59. Re4 Rg3 60. Kg6 Rxb3 61.
Kxg7 Rb4 62. h6 Rxa4 63. h7 1-0

[Event "Late-Titled-Tuesday-Blitz-September-12-2023"]
[Site "Chess.com"]
[Date "2023.09.12"]
[Round "6"]
[White "a-z30"]
[Black "chessdjw"]
[Result "0-1"]
[WhiteElo "2418"]
[BlackElo "2726"]
[TimeControl "180+1"]
[EndTime "15:03:39 PDT"]
[Termination "chessdjw won on time"]

1. d3 d5 2. Nf3 g6 3. g3 Bg7 4.
Bg2 Nc6 5. O-O e5 6. c4 Nge7 7. cxd5 Nxd5 8. Nc3 Nde7 9. Rb1 O-O 10. b4 a6 11. a4 h6 12. b5 axb5 13. axb5 Nd4 14.
Nd2 Nef5 15. e3 Ne6 16. Qc2 Nc5 17. Nd5 Ne6 18. Bb2 Bd7 19. Bc3 c6 20. bxc6 Bxc6 21. Qb3 Nc5 22. Qc4 Na4 23. Bb4 Re8 24. Nc3 Nb6 25. Qb3 Bxg2 26. Kxg2 Qxd3 27. Nde4 Nc4 28.
Rfd1 Nfxe3+ 29. fxe3 Nxe3+ 30. Kh1 Nxd1 31. Rxd1 Qf3+ 32. Kg1 Kh7 33. Rf1 Qe3+ 34. Kh1 f5 35.
Nd6 Red8 36. Nc4 Qd3 37. Rg1 Qf3+ 38. Rg2 Ra1+ 0-1

[Event "Late-Titled-Tuesday-Blitz-September-12-2023"]
[Site "Chess.com"]
[Date "2023.09.12"]
[Round "6"]
[White "egnfanclub"]
[Black "RIPOL"]
[Result "0-1"]
[WhiteElo "2322"]
[BlackElo "2468"]
[TimeControl "180+1"]
[EndTime "15:03:43 PDT"]
[Termination "RIPOL won by resignation"]

1. e4 Nf6 2. Nc3 d5 3. e5 Nfd7 4. e6 fxe6 5. d4 c5 6. Nf3 g6 7.
Be3 Nc6 8. Bb5 Nf6 9. Bxc6+ bxc6 10. Ne5 Qc7 11. h4 cxd4 12. Qxd4 c5 13. Qxc5 Qxe5 14.
Qc6+ Kf7 15. Qxa8 Bh6 16. Qxa7 Ng4 17. Qd4 Qxd4 18. Bxd4 e5 19. Bc5 d4 20. Ne4 Bb7 21. Ng5+ Bxg5 22. hxg5 Bxg2 23. Rg1 Bf3 24. Rg3 e4 25. Bxd4 e5 26. Bc3 h5 27. gxh6 Rxh6 28. Rg1 Rh2 29. Rf1 e3 30. a4 e4 31. a5 exf2+ 32.
Kd2 e3+ 33. Kd3 e2 34. a6 exf1=Q+ 35. Rxf1 Bg2 36. Ra1 f1=Q+ 37. Rxf1+ Bxf1+ 0-1

[Event "Late-Titled-Tuesday-Blitz-September-12-2023"]
[Site "Chess.com"]
[Date "2023.09.12"]
[Round "6"]
[White "stasOR4ik"]
[Black "ZuraTqebuchava"]
[Result "0-1"]
[WhiteElo "2427"]
[BlackElo "2273"]
[TimeControl "180+1"]
[EndTime "15:03:43 PDT"]
[Termination "ZuraTqebuchava won by checkmate"]

1. e4 e5 2. Nf3 Nc6 3. Bb5 Be7 4. O-O d6 5. c3 Nf6 6. Re1 O-O 7. d4 exd4 8. cxd4 Bg4 9. Bxc6 bxc6 10. h3 Bh5 11. Nc3 Re8 12. Bf4 h6 13. g4 Bg6 14. Qa4 Qd7 15. Bg3 Bf8 16. e5 Nh7 17. d5 Rab8 18. dxc6 Qd8 19. exd6 Rxe1+ 20. Rxe1 Bxd6 21. Bxd6 Qxd6 22.
Qxa7 Rxb2 23. Ne5 Nf8 24. Qa8 Kh7 25. Nxg6 Nxg6 26. Re8 Qd4 27. Ne4 Rb1+ 28. Kg2 Qd1 29. Ng3 Nh4+ 30. Kh2 Qg1# 0-1

[Event "Late-Titled-Tuesday-Blitz-September-12-2023"]
[Site "Chess.com"]
[Date "2023.09.12"]
[Round "6"]
[White "KVAIDAN"]
[Black "KNVB"]
[Result "0-1"]
[WhiteElo "2265"]
[BlackElo "2753"]
[TimeControl "180+1"]
[EndTime "15:03:45 PDT"]
[Termination "KNVB won by resignation"]

1. f4 d5 2. Nf3 Nh6 3. e3 Bg4 4. h3 Bxf3 5. Qxf3 e6 6. b3 Nf5 7.
g4 Qh4+ 8. Qf2 Qxf2+ 9. Kxf2 Nd6 10. Bb2 Nd7 11. d3 c6 12. Nd2 O-O-O 13. Nf3 Rg8 14.
h4 Be7 15. h5 Bf6 16. Ne5 Be7 17. g5 Nxe5 18. Bxe5 f6 19. Bb2 fxg5 20. Bh3 Kd7 21. fxg5 Bxg5 22. Rag1 Bf6 23. Ba3 Be7 24. Ke2 a5 25. c4 Ra8 26. Rf1 Rgf8 27. h6 gxh6 28. Rxf8 Rxf8 29. Rg1 Bg5 30. Bg4 a4 31. e4 axb3 32. e5 Ra8 33. Bxd6 Rxa2+ 34. Kf3 b2 35. Rb1 Bc1 36. cxd5 cxd5 37. Bf8 Ra1 38. Rxb2 Bxb2 39. Bxh6 Bxe5 40. Ke2 Bd4 41. Bf8 Ra2+ 42. Kf3 Rf2+ 43. Kg3 Rxf8 44. Bh5 Kd6 45. Bd1 e5 46. Bc2 Rc8 47.
Ba4 Rc3 48. Bb5 Kc5 49. Bd7 Rxd3+ 50. Kg4 e4 51. Bf5 Rf3 52. Bxh7 Rf6 53. Kg3 Kd6 54. Kg2 b5 55. Kh3 Rh6+ 0-1

[Event "Late-Titled-Tuesday-Blitz-September-12-2023"]
[Site "Chess.com"]
[Date "2023.09.12"]
[Round "6"]
[White "Bigfish1995"]
[Black "Parhamov"]
[Result "1-0"]
[WhiteElo "3069"]
[BlackElo "3105"]
[TimeControl "180+1"]
[EndTime "15:03:46 PDT"]
[Termination "Bigfish1995 won by resignation"]

1. h3 d5 2. Nf3 h6 3. b3 Bf5 4. Bb2 e6 5. c4 Nd7 6. e3 a5 7. Be2 Ngf6 8. O-O Bd6 9. Nc3 c6 10. Rc1 O-O 11. cxd5 exd5 12. d3 Bh7 13. Re1 Re8 14. Bf1 Qe7 15. Na4 Bb4 16. Re2 b5 17. Nc3 Rac8 18. Rec2 Nb6 19. a4 bxa4 20. Nxa4 Nxa4 21.
bxa4 c5 22. Nd4 Nd7 23. Qf3 Ne5 24. Qg3 Nxd3 25. Nf5 Qg5 26. Qxg5 hxg5 27. Bxd3 c4 28. g4 Rb8 29. Bf1 Bf8 30. Bg2 Bxf5 31. gxf5 Rxb2 32. Rxb2 Ba3 33. Rbc2 Bxc1 34. Rxc1 Re5 35. Rd1 c3 36. Rc1 d4 37. exd4 Rxf5 38. Rxc3 Rf4 39. Rd3 Kf8 40.
Bc6 Ke7 41. d5 Kd6 42. Rb3 g4 43. hxg4 Rxg4+ 44. Rg3 Rxg3+ 45. fxg3 f5 46. Kf2 g5 47. Ke3 Ke5 48. Kf3 Kd6 49. g4 f4 50. Ke4 Kc5 51.
Bb5 Kd6 52. Be2 Kc5 53. Bf3 Kd6 54. Kf5 1-0

[Event "Late-Titled-Tuesday-Blitz-September-12-2023"]
[Site "Chess.com"]
[Date "2023.09.12"]
[Round "6"]
[White "santosalberto1987"]
[Black "DuleMudule"]
[Result "0-1"]
[WhiteElo "2534"]
[BlackElo "2772"]
[TimeControl "180+1"]
[EndTime "15:03:46 PDT"]
[Termination "DuleMudule won on time"]

1. e4 c6 2. c4 d5 3. exd5 cxd5 4. cxd5 Nf6 5. Qa4+ Nbd7 6. Bc4 g6 7. Nc3 Bg7 8. Nf3 O-O 9. d3 Nb6 10. Qb3 Nxc4 11.
dxc4 e6 12. O-O exd5 13. cxd5 h6 14. Bf4 b6 15. h3 Bb7 16. Rfd1 Nd7 17. Rac1 Nc5 18.
Qc2 Rc8 19. Qd2 Re8 20. Bxh6 Bf6 21. Bg5 a6 22. Re1 Rxe1+ 23. Rxe1 b5 24. Bxf6 Qxf6 25.
Ne4 Nxe4 26. Rxe4 Rd8 27. Rd4 Qd6 28. Qh6 Qf6 29. Ng5 Rxd5 30. Rxd5 Bxd5 31. b3 Qa1+ 32. Kh2 Qe5+ 33. g3 Qe1 34. Qh7+ Kf8 35. Qh8+ Ke7 0-1

[Event "Late-Titled-Tuesday-Blitz-September-12-2023"]
[Site "Chess.com"]
[Date "2023.09.12"]
[Round "6"]
[White "rdarruda"]
[Black "oskariot"]
[Result "1/2-1/2"]
[WhiteElo "2522"]
[BlackElo "2690"]
[TimeControl "180+1"]
[EndTime "15:03:46 PDT"]
[Termination "Game drawn by repetition"]

1. d4 Nf6 2. Nf3 g6 3. Nc3 c5 4. d5 Bg7 5. e4 d6 6. Be2 O-O 7. O-O e6 8. dxe6 Bxe6 9. Bf4 d5 10. exd5 Nxd5 11. Nxd5 Bxd5 12. c3 Nc6 13. Qd2 Re8 14. Rfe1 Be6 15. Qxd8 Raxd8 16. Be3 b6 17. Bb5 Bd7 18. Rad1 Nb8 19. Bxd7 Rxd7 20. Rxd7 Nxd7 21. Rd1 Nf8 22. Kf1 h6 23. Rd3 f5 24. b3 g5 25. c4 Kf7 26. Bd2 Bf6 27. Bc3 Rd8 28. Rxd8 Bxd8 29. h3 Ng6 30. Ne5+ Nxe5 31. Bxe5 h5 32.
f3 Ke6 33. Bb8 a6 34. g4 hxg4 35. hxg4 f4 36. Ke2 Kd7 37. Be5 Ke6 38. Bg7 Bf6 39.
Bf8 Be5 40. Kd3 Kf7 41. Bh6 Kg6 42. Bf8 Kf7 43. Ke4 Bb8 44. Bh6 Kg6 45. Bf8 Kf7 46. Bh6 Kg6 47. Bf8 Kf7 1/2-1/2

[Event "Late-Titled-Tuesday-Blitz-September-12-2023"]
[Site "Chess.com"]
[Date "2023.09.12"]
[Round "6"]
[White "FredddieCroderg"]
[Black "ManuMunoz01"]
[Result "1-0"]
[WhiteElo "2334"]
[BlackElo "2249"]
[TimeControl "180+1"]
[EndTime "15:03:46 PDT"]
[Termination "FredddieCroderg won by resignation"]

1. e4 d5 2. d3 d4 3. f4 c5 4. Nf3 b6 5. Be2 Bg4 6. O-O Bxf3 7. Bxf3 Nd7 8. e5 Rc8 9. e6 fxe6 10. Bg4 Rc6 11.
Nd2 Ngf6 12. Nc4 Nxg4 13. Qxg4 Nf6 14. Qh3 g6 15. Ne5 Rd6 16. Nxg6 Rg8 17. Ne5 Qc8 18. b3 Bg7 19. Bd2 Rf8 20. Rae1 Kd8 21. a4 Kc7 22. Nc4 Rc6 23. b4 cxb4 24. Bxb4 Nd5 25. Bd2 e5 26. Qxc8+ Kxc8 27. fxe5 Kd7 28. Rxf8 Bxf8 29. Rf1 Ke8 30. g3 a6 31. Rb1 Kd7 32. Kg2 Bg7 33. Kf3 Ke6 34. Ke4 Bxe5 35. Nxe5 Nf6+ 36. Kxd4 Rd6+ 37.
Kc4 Nd5 38. d4 Rd8 39. Kd3 Rc8 40. c4 Nf6 41. Rxb6+ Kf5 42. Rxa6 Rb8 43. Bc3 Rb3 44. Kc2 Ra3 45. Kb2 1-0

[Event "Late-Titled-Tuesday-Blitz-September-12-2023"]
[Site "Chess.com"]
[Date "2023.09.12"]
[Round "6"]
[White "APOKALIPSA13"]
[Black "Vyacheslav_N"]
[Result "0-1"]
[WhiteElo "2265"]
[BlackElo "2462"]
[TimeControl "180+1"]
[EndTime "15:03:47 PDT"]
[Termination "Vyacheslav_N won on time"]

1. e4 c5 2. Nf3 Nc6 3. d4 cxd4 4.
Nxd4 Nf6 5. Nc3 e5 6. Nb3 Bb4 7. Bd3 O-O 8. Bg5 Bxc3+ 9. bxc3 d6 10. O-O h6 11. Bh4 g5 12. Bg3 Be6 13. c4 Rc8 14. a3 Na5 15. Qe2 Nxc4 16. h4 Kg7 17. Rfd1 Qc7 18. Nd2 Nxd2 19. Qxd2 Kg6 20. f4 exf4 21. e5+ Kh5 22. exf6 fxg3 23. hxg5 hxg5 24. Rf1 Qc5+ 25.
Kh1 Qe5 26. Rae1 Qd5 27. Rf3 g4 28. Rxg3 Rc4 29. Kg1 Qd4+ 30. Ree3 Ra4 31. Kf1 Qa1+ 32. Ke2 Rxa3 33. Re4 Ra4 34. Qf4 Rxe4+ 35. Qxe4 Qe5 36. Qxe5+ dxe5 37. Ke3 Kg5 38. Be2 Bf5 39. c3 Kxf6 40. Bxg4 Rg8 41. Kf3 Rxg4 42. Rxg4 Bxg4+ 43. Kxg4 a5 44. Kf3 a4 45. Ke3 a3 46. Kd2 a2 0-1

[Event "Late-Titled-Tuesday-Blitz-September-12-2023"]
[Site "Chess.com"]
[Date "2023.09.12"]
[Round "6"]
[White "jaskol95"]
[Black "ChessSwole"]
[Result "1-0"]
[WhiteElo "2541"]
[BlackElo "2694"]
[TimeControl "180+1"]
[EndTime "15:03:48 PDT"]
[Termination "jaskol95 won by resignation"]

1. d4 d5 2. Nc3 Nf6 3. Bf4 c5 4. e4 cxd4 5. Qxd4 Nc6 6. Bb5 Bd7 7. Bxc6 Bxc6 8. e5 Nd7 9. e6 fxe6 10. Nf3 Qb6 11. Qd2 d4 12. Nxd4 Bxg2 13. Rg1 e5 14. Rxg2 Qxd4 15. Nb5 Qe4+ 16. Be3 Qxg2 17. Nc7+ Kd8 18.
O-O-O Qc6 19. Nxa8 b6 20. Bxb6+ axb6 21. Nxb6 Qh6 22.
Nxd7 Qxd2+ 23. Rxd2 Ke8 24. Nxe5 g6 25. Rd5 Bh6+ 26.
Kd1 Rf8 27. Ke2 Rf5 28. Ra5 Kf8 29. Nd7+ Kf7 30. Rxf5+ gxf5 31. a4 Ke6 32. Nc5+ Kd5 33. Nd3 Bg7 34. b4 Bd4 35. a5 e5 36. b5 e4 37.
Nf4+ Kc5 38. Ne6+ Kxb5 39. Nxd4+ Kxa5 40. Nxf5 1-0

[Event "Late-Titled-Tuesday-Blitz-September-12-2023"]
[Site "Chess.com"]
[Date "2023.09.12"]
[Round "6"]
[White "IMSlavin"]
[Black "Truequitos"]
[Result "0-1"]
[WhiteElo "2229"]
[BlackElo "2446"]
[TimeControl "180+1"]
[EndTime "15:03:48 PDT"]
[Termination "Truequitos won by checkmate"]

1. e4 e6 2. Nf3 d5 3. e5 c5 4.
b4 cxb4 5. a3 Qa5 6. Bb2 b3 7.
cxb3 Nc6 8. b4 Qc7 9. d4 f6 10. Bd3 fxe5 11. dxe5 g6 12. O-O Bg7 13. Re1 Nge7 14. Nbd2 O-O 15. Rc1 Qb8 16. b5 Na5 17.
Qa4 b6 18. Qb4 Nf5 19. g4 Nh6 20. h3 Nf7 21. Bd4 Bd7 22. a4 Qd8 23. Kg2 Ng5 24.
Qd6 Nxf3 25. Nxf3 Nb3 26. Rc7 Rxf3 27. Rxd7 Qh4 28. Qxe6+ Kh8 29. Qxd5 Qxh3+ 30. Kg1 Qxg4+ 31. Kf1 Raf8 32. Rd8 Nd2+ 33. Ke2 Rxf2+ 34. Ke3 Qf4# 0-1

[Event "Late-Titled-Tuesday-Blitz-September-12-2023"]
[Site "Chess.com"]
[Date "2023.09.12"]
[Round "6"]
[White "rasmussvane"]
[Black "HansOnTwitch"]
[Result "1-0"]
[WhiteElo "3005"]
[BlackElo "3075"]
[TimeControl "180+1"]
[EndTime "15:03:51 PDT"]
[Termination "rasmussvane won on time"]

1. Nf3 Nf6 2. g3 d5 3. Bg2 g6 4. c4 c6 5. Qb3 Bg7 6. d4 O-O 7.
Nc3 dxc4 8. Qxc4 Bf5 9. O-O Nbd7 10. h3 Ne4 11. Qb3 Qb6 12. g4 Nxc3 13. bxc3 Be4 14. Ba3 Rfe8 15. Ng5 Qxb3 16. axb3 Bxg2 17. Kxg2 e5 18. e3 exd4 19. cxd4 c5 20. Rac1 cxd4 21. Rc7 Rad8 22. exd4 Bxd4 23. Rd1 Ne5 24. Rxb7 Bb6 25. Rxd8 Rxd8 26. Bb2 h6 27. Ne6 fxe6 28. Bxe5 Rd2 29. Rg7+ Kf8 30. Rxg6 Rxf2+ 31. Kg3 Re2 32. Bf4 1-0

[Event "Late-Titled-Tuesday-Blitz-September-12-2023"]
[Site "Chess.com"]
[Date "2023.09.12"]
[Round "6"]
[White "Orest_Vovk"]
[Black "Chessdude1987"]
[Result "0-1"]
[WhiteElo "2585"]
[BlackElo "2448"]
[TimeControl "180+1"]
[EndTime "15:03:51 PDT"]
[Termination "Chessdude1987 won on time"]

1. e4 e6 2. Nc3 d5 3. Qe2 d4 4. Nd1 e5 5. f4 exf4 6. d3 Nc6 7. Bxf4 Nge7 8. Nf3 Ng6 9. Bd2 f6 10. g3 Bd6 11. Bg2 Be6 12. O-O Qd7 13. Nf2 O-O-O 14. c4 h5 15. Rfc1 h4 16. c5 hxg3 17. cxd6 gxf2+ 18.
Qxf2 Qxd6 19. Qg3 Nge5 20. Nxe5 Nxe5 21. Bf4 g5 22. Bxe5 fxe5 23. a3 Rh4 24. h3 Rdh8 25.
b4 Bxh3 26. Bf3 Be6 27. Rc5 Rh3 28. Qg2 g4 29. Bxg4 Rh1+ 30. Qxh1 Rxh1+ 31. Kxh1 Bxg4 32. Kg2 Qh6 33. Rh1 Bf3+ 34. Kxf3 Qxh1+ 35. Kg4 Qh2 36. Kf5 Qf4+ 37. Ke6 Qe3 38. Rxe5 Qxd3 39. Kf7 Qxa3 0-1

[Event "Late-Titled-Tuesday-Blitz-September-12-2023"]
[Site "Chess.com"]
[Date "2023.09.12"]
[Round "6"]
[White "pokochajszachy"]
[Black "Alphafischer2019"]
[Result "1-0"]
[WhiteElo "2397"]
[BlackElo "2555"]
[TimeControl "180+1"]
[EndTime "15:03:52 PDT"]
[Termination "pokochajszachy won by resignation"]

1. d4 Nf6 2. c4 c5 3. Nf3 cxd4 4. Nxd4 Nc6 5. Nc3 g6 6. e4 d6 7. Be2 Nxd4 8. Qxd4 Bg7 9. Be3 O-O 10. Qd2 a5 11. f3 a4 12. O-O Be6 13. Rac1 Qa5 14. Nd5 Qxd2 15. Nxe7+ Kh8 16. Bxd2 Rfe8 17. Nd5 Nxd5 18. cxd5 Bxd5 19. Bc4 Bxc4 20. Rxc4 Bxb2 21. Rb4 a3 22. Rxb7 Kg7 23. Rd1 Red8 24. Bf4 Be5 25. Bxe5+ dxe5 26. Rdd7 Rxd7 27. Rxd7 Rb8 28. Rd2 Rb2 29. Rf2 Kf6 30. Kf1 Ke6 31. Re2 Kd6 32. Ke1 Kc5 33. Kd1 Kc4 34.
Rxb2 axb2 35. Kc2 f5 36. Kxb2 fxe4 37. fxe4 Kd4 38. a4 Kxe4 39. Kc3 Kd5 40. Kd3 Kc5 41. Ke4 Kb4 42. Kxe5 Kxa4 43. Kf6 Kb5 44. Kg7 Kc5 45. Kxh7 g5 46. Kg6 g4 47. Kg5 Kd5 48. Kxg4 Ke6 49.
Kg5 Kf7 50. h4 Kg7 51. g4 Kh7 52. Kh5 Kg7 53. g5 Kh7 54. g6+ Kg7 55. Kg5 Kg8 56. Kh6 Kh8 57. g7+ Kg8 58. h5 Kf7 59. Kh7 1-0